 Dungeon Crawl Stone Soup version 0.26-a0-664-gc8b27b8fc1 (webtiles) character file.

Game seed: 6543967223518912005

215737 Peloso the Hoplite (level 18, -7/169 HPs)
             Began as a Minotaur Fighter on Oct 13, 2020.
             Was the Champion of Okawaru.
             Mangled by Polyphemus (15 damage)
             ... while petrified by you
             ... on level 4 of the Shoals.
             The game lasted 02:07:42 (44441 turns).

Peloso the Hoplite (Minotaur Fighter)              Turns: 44441, Time: 02:07:43

Health: -7/169     AC: 22    Str: 41    XL:     18   Next: 71%
Magic:  27/27      EV:  2    Int:  5    God:    Okawaru [******]
Gold:   3568       SH:  0    Dex: 23    Spells: 17/17 levels left

rFire    + + +     SeeInvis +   a - +7 scimitar "Eliutziwki" {elec, *Drain rElec Dex+6 SInv}
rCold    + + .     Faith    +   c - +2 kite shield {reflect}
rNeg     + + +     Spirit   .   L - +1 plate armour "Ehu Ruem" {Str+4}
rPois    ∞         Reflect  +   C - -2 hat of the Alchemist {rElec rPois rF+ rC+ rN+ MR+ rMut rCorr}
rElec    +         Harm     .   E - scarf {rC+ rF+}
rCorr    +         Rampage  .   H - +1 pair of gloves of Egalitarianism {+Blink rCorr MP+9 Str+3}
rMut     +                      F - +1 pair of boots {Fly}
MR       ++...                  y - amulet of faith
Stlth    ..........             o - +6 ring of strength
HPRegen  0.38/turn              U - ring "Turihar" {rF+ Dex+6}
MPRegen  0.20/turn

@: petrified, engulfed, flying, mesmerised, held
A: retaliatory headbutt, horns 2, subdued magic 1
a: Heroism, Finesse, Renounce Religion, Evoke Blink, Stop Flying


You were on level 4 of the Shoals.
You worshipped Okawaru.
Okawaru was exalted by your worship.
You visited 7 branches of the dungeon, and saw 34 of its levels.
You also visited: Sewer, Ice Cave and Wizlab.

You collected 4313 gold pieces.
You spent 745 gold pieces at shops.

Inventory:

Hand Weapons
 a - the +7 scimitar "Eliutziwki" (weapon) {elec, *Drain rElec Dex+6 SInv}
   (You found it on level 2 of the Snake Pit)

   Occasionally, upon striking a foe, it will discharge some electrical energy
   and cause terrible harm.
   It affects your dexterity (+6).
   It insulates you from electricity.
   It lets you see invisible.
   It causes draining when unequipped.
 b - a +4 long sword of flaming
Armour
 c - a +2 kite shield of reflection (worn)
 z - a +2 plate armour of magic resistance
 C - the -2 hat of the Alchemist (worn) {rElec rPois rF+ rC+ rN+ MR+ rMut rCorr}
   (You found it in a wizard's laboratory)

   It protects you from fire.
   It protects you from cold.
   It insulates you from electricity.
   It protects you from poison.
   It protects you from negative energy.
   It affects your resistance to hostile enchantments.
   It provides partial protection from all sources of acid and corrosion.
   It protects you from mutation.
 E - a scarf of resistance (worn)
 F - a +1 pair of boots of flying (worn)
 H - the +1 pair of gloves of Egalitarianism (worn) {+Blink rCorr MP+9 Str+3}
   (You found it on level 8 of the Dungeon)

   It affects your strength (+3).
   It affects your magic capacity (+9).
   It lets you blink.
   It provides partial protection from all sources of acid and corrosion.
 L - the +1 plate armour "Ehu Ruem" (worn) {Str+4}
   (Okawaru gifted it to you on level 10 of the Dungeon)

   It affects your strength (+4).
Jewellery
 o - a +6 ring of strength (left hand)
 y - an amulet of faith (around neck)
 B - an uncursed ring of resist corrosion {unknown}
 M - the amulet "Ynges" {Reflect rElec SH+5}
   (You found it on level 2 of the Snake Pit)

   [amulet of reflection]

   It shields you and reflects attacks.
   It insulates you from electricity.
   It affects your SH (+5).
 U - the ring "Turihar" (right hand) {rF+ Dex+6}
   (You found it on level 2 of the Snake Pit)

   [ring of dexterity]

   It affects your dexterity (+6).
   It protects you from fire.
Wands
 N - a wand of digging (19)
Scrolls
 f - 5 scrolls of identify
 g - a scroll of enchant armour
 i - 17 scrolls of remove curse
 k - 6 scrolls of fog
 p - 5 scrolls of blinking
 q - 2 scrolls of magic mapping
 r - 5 scrolls of noise
 t - a scroll of enchant weapon
 u - 6 scrolls of teleportation
 v - 15 scrolls of fear
 A - a scroll of immolation
Potions
 d - 11 potions of might
 e - 23 potions of curing
 h - 2 potions of berserk rage
 j - a potion of brilliance
 m - 21 potions of mutation
 n - 3 potions of haste
 s - a potion of experience
 w - 2 potions of stabbing
 x - 5 potions of heal wounds
 G - a potion of resistance
Miscellaneous
 l - a phial of floods


   Skills:
 + Level 17.1 Fighting
 + Level 19.0 Long Blades
 + Level 17.6 Armour
 + Level 5.8 Dodging
 + Level 2.9 Stealth
 + Level 22.5 Shields
 + Level 2.6 Invocations
 + Level 1.3 Evocations


You had 17 spell levels left.
You didn't know any spells.
Your spell library contained the following spells:

 Spells                   Type           Power        Failure   Level
 Animate Skeleton         Necr           #.....       83%         1
 Apportation              Tloc           #.....       83%         1
 Beastly Appendage        Tmut           #.....       83%         1
 Corona                   Hex            #......      83%         1
 Foxfire                  Conj/Fire      #...         83%         1
 Sandblast                Erth           #.....       83%         1
 Sting                    Tmut/Pois      #...         83%         1
 Summon Small Mammal      Summ           #...         83%         1
 Call Imp                 Summ           #.......     93%         2
 Ensorcelled Hibernation  Hex/Ice        #.....       93%         2
 Passwall                 Tmut/Erth      #.......     93%         2
 Poisonous Vapours        Pois/Air       #.....       93%         2
 Sublimation of Blood     Necr           #.........   93%         2
 Wereblood                Tmut           #.......     93%         2
 Call Canine Familiar     Summ           #.......     99%         3
 Confusing Touch          Hex            #.......     99%         3
 Conjure Flame            Conj/Fire      #.......     99%         3
 Dazzling Flash           Conj/Hex       #.....       99%         3
 Ignite Poison            Fire/Tmut/Pois #.......     99%         3
 Inner Flame              Hex/Fire       #.......     99%         3
 Lesser Beckoning         Tloc           #.........   99%         3
 Mephitic Cloud           Conj/Pois/Air  #.......     99%         3
 Spider Form              Tmut/Pois      #.........   99%         3
 Stone Arrow              Conj/Erth      #.....       99%         3
 Summon Guardian Golem    Hex/Summ       #.......     99%         3
 Tukima's Dance           Hex            #.......     99%         3
 Animate Dead             Necr           #.........   100%        4
 Ice Form                 Ice/Tmut       #.......     100%        4
 Leda's Liquefaction      Hex/Erth       #.........   100%        4
 Olgreb's Toxic Radiance  Pois           #.......     100%        4
 Petrify                  Tmut/Erth      #.......     100%        4
 Sticky Flame             Conj/Fire      #.......     100%        4
 Summon Ice Beast         Ice/Summ       #.......     100%        4
 Summon Lightning Spire   Summ/Air       #.......     100%        4
 Alistair's Intoxication  Tmut/Pois      #........    100%        5
 Blade Hands              Tmut           #.........   100%        5
 Borgnjor's Vile Clutch   Necr/Erth      #.........   100%        5
 Fireball                 Conj/Fire      #.........   100%        5
 Irradiate                Conj/Tmut      #.........   100%        5
 Metabolic Englaciation   Hex/Ice        #.........   100%        5
 Yara's Violent Unravell  Hex/Tmut       #.........   100%        5
 Eringya's Noxious Bog    Tmut/Pois      #.........   100%        6
 Freezing Cloud           Conj/Ice/Air   #.........   100%        6
 Hydra Form               Tmut           #.........   100%        6
 Invisibility             Hex            #.......     100%        6
 Ozocubu's Refrigeration  Ice            #.........   100%        6
 Simulacrum               Ice/Necr       #.........   100%        6


Dungeon Overview and Level Annotations

Branches:
Dungeon (15/15)            Temple (1/1) D:6            Lair (6/6) D:8
 Shoals (4/4) Lair:3        Snake (3/4) Lair:4        Slime (0/5) Lair:5
    Orc (2/2) D:12            Elf (3/3) Orc:2        Vaults (0/5) D:13
 Depths (0/5) D:15          Sewer (visited)           IceCv (visited)
 WizLab (visited)

Altars:
Cheibriados
Gozag
Kikubaaqudgha
Makhleb
Okawaru
Qazlal
Ru
Sif Muna
Trog
Uskayaw
Vehumet
Wu Jian
Xom
Yredelemnul
Zin
The Shining One
Beogh

Shops:
D:6 !   D:7 (!([   D:9 *   D:10 [[!   D:11 [   D:12 ([   Orc:1 *   Orc:2 }((
Elf:1 =}=   Shoals:3 =**   Shoals:4 *   Snake:1 :

Portals:
Hell: Lair:6

Annotations:
D:10 Gold Dragon
Shoals:4 Polyphemus


Innate Abilities, Weirdness & Mutations

You reflexively headbutt those who attack you in melee.
You have a pair of horns on your head.
Your spells are a little easier to cast, but a little less powerful.


Message History

The merfolk hits you from afar with a +0 trident.
* * * LOW HITPOINT WARNING * * *
The water elemental is engulfed in calcifying dust.
The death yak gores you but does no damage.
Polyphemus hits you!!
* * * LOW HITPOINT WARNING * * *
Polyphemus hits you.
* * * LOW HITPOINT WARNING * * *
The catoblepas barely misses you. You furiously retaliate!
You headbutt the catoblepas, but do no damage.
The water elemental is engulfed in calcifying dust.
The merfolk siren chants its luring song.
You have turned to stone.
You are engulfed in calcifying dust.
The merfolk hits you but does no damage.
The death yak gores you!
* * * LOW HITPOINT WARNING * * *
The water elemental is engulfed in calcifying dust.
Polyphemus hits you!!
You die...

≈≈≈≈≈≈≈≈≈≈≈≈≈≈≈≈≈≈≈
≈≈≈≈≈≈≈≈≈≈≈≈≈≈≈≈.≈≈≈
≈≈≈≈≈≈≈≈≈≈≈≈≈≈≈≈..≈≈
≈≈≈≈≈≈≈≈≈≈≈≈≈≈≈≈≈...
≈≈≈≈≈≈≈≈≈≈≈≈≈≈....(.
≈≈≈≈≈≈≈≈≈≈≈)........
.≈≈≈≈≈≈≈≈≈≈≈≈.###...
...≈≈≈YY..≈≈≈≈## .
.......@...≈≈≈≈...
......mCE..≈≈≈≈...
≈≈....mEm§.≈≈≈≈≈≈..
?≈≈...m....≈≈≈≈≈≈≈.
...........≈≈≈≈≈≈≈≈
....∩......≈≈≈≈≈≈≈
..........≈≈≈≈≈≈≈
.......≈.≈≈≈≈≈≈≈
..m....≈≈.≈≈≈≈≈


You could see Polyphemus, a death yak, a catoblepas, a merfolk aquamancer
(petrified), 2 merfolk, 2 water elementals and a merfolk siren (mesmerising).

Vanquished Creatures
  Vashnia (Snake:3)
  Nikola (Shoals:1)
  A mutant beast (WizLab)
  An Ice Fiend (IceCv)
  Jorgrun (D:15)
  Roxanne (D:15)
  2 nagarajas
  An orc warlord (Orc:2)
  The ghost of stillor the Spry, a journeyman MfSu of the Shining One (D:14)
  Aizul (Shoals:2)
  4 very ugly things (WizLab)
  A dire elephant (Lair:6)
  Azrael (Elf:1)
  Snorg (D:12)
  2 deep elf death magi
  A merfolk javelineer (Shoals:1)
  6 merfolk impalers
  A yaktaur captain (D:15)
  A vault guard (D:13)
  3 naga warriors
  2 boulder beetles (D:13)
  11 hydras
  A merfolk avatar (Shoals:3)
  A catoblepas (Lair:5)
  4 centaur warriors
  A death knight (D:9)
  6 anacondas
  A merfolk aquamancer (Shoals:2)
  11 two-headed ogres
  A queen ant (shapeshifter) (WizLab)
  10 dancing weapons
  An ogre mage (Orc:2)
  2 tengu warriors (D:13)
  A death yak (Shoals:4)
  10 naga sharpshooters
  An iron golem (WizLab)
  3 shock serpents
  A sun demon (Lair:6)
  An orc high priest (Orc:2)
  2 deep elf knights
  Nergalle (Lair:2)
  A fire crab (shapeshifter) (WizLab)
  8 skeletal warriors
  2 sea snakes
  A salamander mystic (Snake:2)
  6 naga ritualists
  A wizard (Lair:6)
  10 unseen horrors
  2 unseen horrors (shapeshifter) (WizLab)
  9 deep elf archers
  A wolf spider zombie (D:13)
  A phantasmal warrior (D:9)
  4 lindwurms (D:11)
  4 orc knights
  8 harpies
  3 necromancers (Elf:1)
  A harpy (shapeshifter) (WizLab)
  16 ugly things
  24 deep elf magi
  2 orc sorcerers
  13 mana vipers
  9 manticores
  A salamander (shapeshifter) (WizLab)
  10 fauns
  2 oklob plants (Lair:5)
  5 salamanders
  4 cyclopes
  3 elephants (shapeshifter) (WizLab)
  4 elephants (Lair:6)
  3 centaur zombies
  A black mamba (shapeshifter) (WizLab)
  31 black mambas
  A guardian serpent (shapeshifter) (WizLab)
  4 water nymphs
  3 merfolk sirens
  A smoke demon (Lair:6)
  3 ice statues
  A gargoyle (D:13)
  2 torpor snails
  4 naga magi
  A guardian serpent (Snake:2)
  Maggie (D:9)
  4 orange demons (Lair:6)
  16 cane toads
  2 cane toads (shapeshifter) (WizLab)
  9 large abominations
  A yaktaur (D:15)
  11 rime drakes
  A yaktaur (shapeshifter) (WizLab)
  2 rime drakes (shapeshifter)
  A komodo dragon (shapeshifter) (WizLab)
  2 efreet
  10 komodo dragons
  6 freezing wraiths
  A red devil (Lair:6)
  8 trolls
  5 ice devils (IceCv)
  3 anaconda simulacra (IceCv)
  A golden dragon simulacrum (IceCv)
  22 merfolk
  Prince Ribbit (D:7)
  A merfolk (shapeshifter) (WizLab)
  A harpy skeleton (D:13)
  3 polar bears
  2 polar bears (shapeshifter) (WizLab)
  2 wolf spider simulacra (IceCv)
  2 raiju (shapeshifter) (WizLab)
  2 wind drakes (shapeshifter) (WizLab)
  A meliai (shapeshifter) (WizLab)
  A hornet (shapeshifter) (WizLab)
  3 wind drakes
  3 slime creatures (D:12)
  9 blink frogs
  17 dream sheep
  A dream sheep (shapeshifter) (WizLab)
  A blink frog (shapeshifter) (WizLab)
  A snapping turtle (shapeshifter) (WizLab)
  11 snapping turtles
  An air elemental (Elf:2)
  3 shadows
  A wyvern (shapeshifter) (Elf:2)
  6 wyverns
  A spriggan (shapeshifter) (WizLab)
  A dire elephant simulacrum (IceCv)
  5 water elementals
  5 wraiths
  7 fire elementals
  A basilisk (shapeshifter) (WizLab)
  53 yaks
  11 humans
  A yak (shapeshifter) (WizLab)
  10 basilisks
  A hog (shapeshifter) (WizLab)
  14 vampire mosquitoes
  Grum (D:8)
  4 iron troll simulacra (IceCv)
  19 nagas
  2 acid dragons
  A soldier ant (shapeshifter) (WizLab)
  5 wargs
  10 hell hounds
  2 soldier ants
  A swamp worm (shapeshifter) (WizLab)
  4 hydra simulacra (IceCv)
  4 floating eyes (WizLab)
  12 water moccasins
  3 sky beasts
  4 black bears
  2 ettin simulacra (IceCv)
  6 ice beasts
  A hornet zombie (D:9)
  2 eyes of draining (shapeshifter) (WizLab)
  38 orc warriors
  3 phantoms
  An eye of draining (D:10)
  An ogre (shapeshifter) (D:14)
  6 small abominations (WizLab)
  29 wolves
  18 ogres
  8 centaurs
  2 big kobolds
  3 elf zombies (Elf:1)
  22 bullfrogs
  2 gnoll sergeants
  An earth elemental (Elf:1)
  A wyvern zombie (D:7)
  4 scorpions
  14 killer bees
  2 water moccasin skeletons (D:9)
  An elephant simulacrum (IceCv)
  11 wights
  An electric eel (Elf:3)
  7 howler monkeys
  2 draconian simulacra (IceCv)
  A bullfrog zombie (D:8)
  8 hounds
  2 jellies
  3 centaur skeletons
  26 orc priests
  24 orc wizards
  A bullfrog skeleton (D:10)
  5 iguanas
  4 hell rats (D:15)
  10 worker ants
  A spriggan simulacrum (IceCv)
  2 troll simulacra (IceCv)
  A polar bear simulacrum (IceCv)
  A wolf simulacrum (IceCv)
  4 centaur simulacra (IceCv)
  A hound zombie (D:7)
  A hound skeleton (D:7)
  15 gnolls
  16 adders
  4 naga simulacra (IceCv)
  5 river rats (Sewer)
  An ogre simulacrum (IceCv)
  2 shadow imps
  5 white imps
  6 ufetubi
  5 oozes
  An adder skeleton (D:6)
  3 adder zombies
  4 worms
  2 dart slugs
  113 orcs
  5 giant cockroaches
  7 goblins
  7 hobgoblins
  7 jackals
  2 quokkas (D:7)
  11 ball pythons
  11 bats
  9 frilled lizards
  15 kobolds
  A leopard gecko skeleton (D:7)
  A leopard gecko zombie (D:6)
  2 quokka skeletons
  24 rats
  A plant (Shoals:2)
1243 creatures vanquished.

Vanquished Creatures (others)
  A deep elf knight (Elf:2)
  A faun (Shoals:1)
  A deep elf mage (Elf:2)
  A naga mage (Snake:2)
  A human (D:13)
  An ufetubus (IceCv)
  A bush (D:14)
  13 fungi
  61 plants
81 creatures vanquished.

Grand Total: 1324 creatures vanquished

Notes
Turn   | Place    | Note
-------+----------+-------------------------------------------
     0 | D:1      | Peloso the Minotaur Fighter began the quest for the Orb.
     0 | D:1      | Reached XP level 1. HP: 19/19 MP: 0/0
   256 | D:1      | Reached XP level 2. HP: 27/27 MP: 1/1
   765 | D:2      | Reached skill level 4 in Shields
   906 | D:2      | Reached XP level 3. HP: 33/33 MP: 2/2
  1277 | D:2      | Reached XP level 4. HP: 38/40 MP: 3/3
  1986 | D:3      | Noticed an ogre
  1992 | D:3      | Killed an ogre
  1992 | D:3      | Reached XP level 5. HP: 34/46 MP: 4/4
  2136 | D:4      | Reached skill level 5 in Armour
  2230 | D:4      | Reached XP level 6. HP: 46/53 MP: 5/5
  2430 | D:3      | Reached skill level 5 in Long Blades
  2430 | D:3      | Reached skill level 1 in Dodging
  2430 | D:3      | Reached skill level 5 in Shields
  2677 | D:4      | Reached XP level 7. HP: 58/60 MP: 6/6
  3254 | D:5      | Entered Level 5 of the Dungeon
  3611 | D:5      | Reached skill level 1 in Stealth
  3790 | D:6      | Found a sacrificial altar of Ru.
  3800 | D:6      | Reached skill level 5 in Fighting
  3800 | D:6      | Reached skill level 6 in Shields
  3811 | D:6      | Found Saeje's Distillery.
  3826 | D:6      | Found a staircase to the Ecumenical Temple.
  3955 | D:6      | Reached XP level 8. HP: 10/68 MP: 3/7
  3998 | D:6      | Found a glowing drain.
  4002 | Sewer    | Entered a sewer
  4725 | D:6      | Reached skill level 7 in Shields
  4773 | Temple   | Entered the Ecumenical Temple
  5022 | Temple   | Became a worshipper of Warmaster Okawaru
  5269 | D:6      | Bought a potion of mutation for 88 gold pieces
  5269 | D:6      | Bought a potion of heal wounds for 55 gold pieces
  5657 | D:7      | Noticed Prince Ribbit
  5662 | D:7      | Killed Prince Ribbit
  5662 | D:7      | Reached XP level 9. HP: 78/78 MP: 8/8
  5688 | D:7      | Reached * piety under Okawaru
  5751 | D:7      | Found Ezusem's Weapon Shoppe.
  5811 | D:7      | Found Oskausm's Distillery.
  5819 | D:7      | Bought a potion of berserk rage for 65 gold pieces
  6221 | D:7      | Found Hisamoy's Antique Weapon Boutique.
  6249 | D:7      | Found Qyump's Armour Shoppe.
  6648 | D:8      | Reached skill level 8 in Shields
  7067 | D:8      | Reached skill level 10 in Long Blades
  7219 | D:8      | Noticed Grum
  7230 | D:8      | Killed Grum
  7237 | D:8      | Reached ** piety under Okawaru
  7395 | D:8      | Reached skill level 9 in Shields
  7505 | D:8      | Found a staircase to the Lair.
  7579 | D:8      | Found a bloodstained altar of Trog.
  7596 | D:8      | Got a pair of brightly glowing gloves
  7607 | D:8      | Identified the +1 pair of gloves of Egalitarianism {+Blink
                  | rCorr MP+9 Str+3} (You found it on level 8 of the Dungeon)
  8110 | D:9      | Noticed a death knight
  8116 | D:9      | Noticed a freezing wraith
  8122 | D:9      | Noticed a phantasmal warrior
  8129 | D:9      | Reached XP level 10. HP: 46/86 MP: 9/9
  8136 | D:9      | Found Canyidi's General Store.
  8362 | D:9      | Bought a potion of heal wounds for 70 gold pieces
  8362 | D:9      | Bought a scroll of enchant weapon for 105 gold pieces
  8624 | D:9      | Noticed Maggie
  8639 | D:9      | Killed Maggie
  8914 | D:9      | Noticed a two-headed ogre
  8928 | D:9      | Killed a two-headed ogre
  8928 | D:9      | Reached *** piety under Okawaru
  8928 | D:9      | Reached skill level 10 in Shields
  9208 | D:9      | Reached **** piety under Okawaru
 10216 | D:9      | Killed a death knight
 10216 | D:9      | Reached skill level 11 in Shields
 10216 | D:9      | Reached skill level 1 in Invocations
 10216 | D:9      | Reached XP level 11. HP: 94/94 MP: 10/10
 10221 | D:9      | Reached ***** piety under Okawaru
 10234 | D:9      | Killed a phantasmal warrior
 10616 | D:10     | Entered Level 10 of the Dungeon
 10660 | D:10     | Reached skill level 10 in Armour
 10684 | D:10     | Found Tucay's Armour Emporium.
 10862 | D:10     | Noticed a two-headed ogre
 10872 | D:10     | Killed a two-headed ogre
 11043 | D:10     | Found Jud Pets's Antique Armour Boutique.
 11335 | D:10     | Found Tiron's Distillery.
 11410 | D:10     | Received a gift from Okawaru
 11413 | D:10     | Got a crude plate armour {god gift}
 11424 | D:10     | Identified the +1 plate armour "Ehu Ruem" {Str+4} (Okawaru
                  | gifted it to you on level 10 of the Dungeon)
 11645 | D:10     | Reached skill level 12 in Shields
 12036 | D:11     | Reached XP level 12. HP: 96/106 MP: 11/11
 12567 | D:11     | Found Kaluir's Armour Shoppe.
 12585 | D:11     | Bought a +2 hat of magic resistance for 294 gold pieces
 12759 | Lair:1   | Entered Level 1 of the Lair of Beasts
 12778 | Lair:1   | Reached skill level 10 in Fighting
 13218 | Lair:1   | Reached skill level 13 in Shields
 13812 | Lair:2   | Reached ****** piety under Okawaru
 14025 | Lair:2   | Noticed Nergalle
 14051 | Lair:2   | Killed Nergalle
 14309 | Lair:2   | Received a gift from Okawaru
 14691 | Lair:3   | Reached skill level 14 in Shields
 15735 | Lair:3   | Found a staircase to the Shoals.
 16351 | D:12     | Found Lafreycw's Weapon Shop.
 16366 | D:12     | Reached XP level 13. HP: 114/114 MP: 12/12
 16393 | D:12     | Found a staircase to the Orcish Mines.
 16399 | D:12     | Found Cuqizank's Armour Shop.
 16400 | D:12     | Received a gift from Okawaru
 16823 | Orc:1    | Entered Level 1 of the Orcish Mines
 17072 | Orc:1    | Found Alyilu Ytwu's Assorted Antiques.
 17136 | Orc:2    | Entered Level 2 of the Orcish Mines
 17568 | Orc:2    | Received a gift from Okawaru
 18098 | Orc:2    | Reached skill level 15 in Shields
 18254 | Orc:2    | Found a roughly hewn altar of Beogh.
 18256 | Orc:2    | Found Ikughut's Gadget Boutique.
 18545 | Orc:2    | Noticed an orc warlord
 18588 | Orc:2    | Killed an orc warlord
 19105 | Orc:2    | Received a gift from Okawaru
 19110 | Orc:2    | Found a roughly hewn altar of Beogh.
 19123 | Orc:2    | Found Varim's Weapon Shoppe.
 19246 | Orc:2    | Found a roughly hewn altar of Beogh.
 19310 | Orc:2    | Found a staircase to the Elven Halls.
 19494 | Orc:2    | Found Voteenwo's Antique Armour Shop.
 19497 | Orc:2    | Found a roughly hewn altar of Beogh.
 19498 | Orc:2    | Reached skill level 16 in Shields
 19500 | Orc:2    | Found Guhaopi's Antique Weapon Boutique.
 19733 | D:13     | Noticed Snorg
 19749 | D:12     | Killed Snorg
 19934 | D:13     | Reached XP level 14. HP: 73/125 MP: 13/13
 19994 | D:13     | Reached skill level 15 in Long Blades
 20984 | D:13     | Received a gift from Okawaru
 20992 | D:13     | Got a pair of spiked boots {god gift}
 21004 | D:13     | Identified the +0 pair of boots "Otuep" {Harm *Drain rElec
                  | rCorr} (Okawaru gifted it to you on level 13 of the
                  | Dungeon)
 21020 | D:13     | Found a gate to the Vaults.
 21396 | D:14     | Reached skill level 17 in Shields
 21414 | D:14     | Found a runed translucent gate.
 21415 | D:14     | Found a runed translucent gate.
 21415 | D:14     | Found a runed translucent gate.
 21508 | D:14     | Noticed stillor's ghost (journeyman MfSu)
 21604 | D:14     | Found a bloodstained altar of Trog.
 21790 | D:15     | Entered Level 15 of the Dungeon
 21867 | D:15     | Noticed Jorgrun
 22546 | D:15     | Noticed Roxanne
 23308 | D:15     | Killed Jorgrun
 23308 | D:15     | Received a gift from Okawaru
 23930 | D:15     | Reached skill level 18 in Shields
 24051 | D:15     | Reached XP level 15. HP: 134/134 MP: 15/15
 24245 | D:15     | Found a staircase to the Depths.
 24387 | D:15     | Killed Roxanne
 24979 | D:15     | Received a gift from Okawaru
 24987 | D:15     | Reached skill level 15 in Armour
 25044 | D:15     | Got an ancient chain mail
 25055 | D:15     | Identified the +0 chain mail "Xuil" {rPois rN+ SInv Stlth+}
                  | (You found it on level 15 of the Dungeon)
 25275 | Lair:4   | Reached skill level 5 in Dodging
 25602 | Lair:4   | Found a staircase to the Snake Pit.
 25832 | Lair:4   | Got a steaming brass ring
 26001 | Lair:4   | Identified the ring "Kour" {Ice +Inv rPois MP+9} (You found
                  | it on level 4 of the Lair of Beasts)
 26756 | Lair:5   | Found a staircase to the Slime Pits.
 26768 | Lair:5   | Received a gift from Okawaru
 27529 | Lair:6   | Entered Level 6 of the Lair of Beasts
 27875 | Lair:6   | Reached skill level 19 in Shields
 27997 | Lair:6   | Received a gift from Okawaru
 28282 | Lair:6   | Found a burning altar of Makhleb.
 28335 | Lair:6   | Found a gateway to Hell.
 28778 | Lair:6   | Reached XP level 16. HP: 144/146 MP: 16/16
 29756 | Elf:1    | Entered Level 1 of the Elven Halls
 29970 | Elf:1    | Identified the Reference Book on Unholy Rituals
 30237 | Elf:1    | Noticed Azrael
 30281 | Elf:1    | Received a gift from Okawaru
 30290 | Elf:1    | Killed Azrael
 30647 | Elf:1    | Found Gemuim's Jewellery Boutique.
 30648 | Elf:1    | Found Xuygh's Gadget Shoppe.
 30649 | Elf:1    | Found Lojadgheh's Jewellery Boutique.
 31069 | Elf:2    | HP: 3/147 [deep elf mage/bolt of negative energy (33)]
 31120 | Elf:2    | Found a magical portal.
 31276 | WizLab   | Entered Cigotuvi's Fleshworks
 31519 | WizLab   | Gained mutation: Your spells are a little easier to cast,
                  | but a little less powerful. [mutagenic glow]
 31584 | WizLab   | Received a gift from Okawaru
 31851 | WizLab   | Reached skill level 20 in Shields
 31914 | WizLab   | Paralysed by a floating eye for 3 turns
 31936 | WizLab   | Received a gift from Okawaru
 32040 | WizLab   | Reached skill level 15 in Fighting
 32064 | WizLab   | Found the -2 hat of the Alchemist {rElec rPois rF+ rC+ rN+
                  | MR+ rMut rCorr}
 32645 | WizLab   | Identified the Incunabulum of Inquiry
 32649 | WizLab   | Identified Cigotuvi's Tome of Transformation and Stolen
                  | Souls
 32809 | WizLab   | Noticed Cigotuvi's Monster
 33469 | WizLab   | Killed Cigotuvi's Monster
 34077 | Elf:2    | Reached XP level 17. HP: 156/156 MP: 17/17
 34528 | Elf:2    | Received a gift from Okawaru
 34749 | Elf:3    | Entered Level 3 of the Elven Halls
 34791 | Elf:3    | Found a frozen archway.
 34811 | IceCv    | Entered an ice cave
 35589 | IceCv    | Noticed an Ice Fiend
 36106 | IceCv    | Killed an Ice Fiend
 36405 | IceCv    | Got a fine bronze ring
 36407 | IceCv    | Identified the ring of the Skies Above {rC+ rN+ Dex+4
                  | Stlth-} (You found it in an ice cave)
 36416 | IceCv    | Got an encrusted mace
 36417 | IceCv    | Identified the +10 mace "Spiderslayer" {flame, rElec} (You
                  | found it in an ice cave)
 36973 | D:14     | Killed stillor's ghost
 36980 | D:14     | Identified the cursed +0 ring mail of Precision
                  | Catastrophes {+Inv rF++ MR+ Int-2} (You found it on level
                  | 14 of the Dungeon)
 37132 | D:11     | You fall into a shaft and drop 1 floor!
 37498 | Snake:1  | Entered Level 1 of the Snake Pit
 37536 | Snake:1  | Found Dikh's Book Boutique.
 37987 | Snake:1  | Reached skill level 1 in Evocations
 38072 | Snake:1  | Identified the Guide on Transmutation and Earth
 38117 | Snake:2  | Found a transporter.
 38170 | Snake:2  | Reached skill level 21 in Shields
 38178 | Snake:2  | Received a gift from Okawaru
 38705 | Snake:2  | Found a transporter.
 38838 | Snake:2  | You fall into a shaft and drop 1 floor!
 39318 | Snake:3  | Received a gift from Okawaru
 39339 | Snake:3  | Reached XP level 18. HP: 163/168 MP: 14/18
 39360 | Snake:3  | Noticed Vashnia
 39388 | Snake:3  | Killed Vashnia
 39929 | Snake:2  | Got masterwork quicksilver dragon scales
 39933 | Snake:2  | Got a steaming bronze amulet
 39934 | Snake:2  | Identified the amulet "Ynges" {Reflect rElec SH+5} (You
                  | found it on level 2 of the Snake Pit)
 39953 | Snake:2  | Got an ebony scimitar
 39954 | Snake:2  | Identified the +7 scimitar "Eliutziwki" {elec, *Drain rElec
                  | Dex+6 SInv} (You found it on level 2 of the Snake Pit)
 39958 | Snake:2  | Got a heavily runed copper ring
 39960 | Snake:2  | Identified the ring "Turihar" {rF+ Dex+6} (You found it on
                  | level 2 of the Snake Pit)
 39971 | Snake:2  | Identified the quicksilver dragon scales "Kenuzo Yrin" {MR+
                  | Dex+4} (You found it on level 2 of the Snake Pit)
 40536 | Shoals:1 | Entered Level 1 of the Shoals
 40569 | Shoals:1 | Noticed Nikola
 40593 | Shoals:1 | Killed Nikola
 41065 | Shoals:1 | Reached skill level 22 in Shields
 42163 | Shoals:2 | Identified the cursed +3 great sword of No Interval
                  | {vorpal, Stlth+} (You found it on level 2 of the Shoals)
 42215 | Shoals:2 | Noticed Aizul
 42225 | Shoals:2 | Killed Aizul
 42225 | Shoals:2 | Received a gift from Okawaru
 43781 | Shoals:3 | Found Xyozed's Assorted Antiques.
 43947 | Shoals:3 | Found Jiosona's Jewellery Shoppe.
 43964 | Shoals:3 | Received a gift from Okawaru
 43969 | Shoals:3 | Found Emmasuypt's Assorted Antiques.
 44036 | Shoals:3 | Bought a scroll of identify for 68 gold pieces
 44407 | Shoals:4 | Entered Level 4 of the Shoals
 44407 | Shoals:4 | Found Euttoss's Eclectic Emporium.
 44419 | Shoals:4 | Noticed Polyphemus
 44441 | Shoals:4 | HP: 8/169 [death yak[Polyphemus] (8)]
 44441 | Shoals:4 | Mangled by Polyphemus

Illustrated notes

Levels and vault maps discovered:
D:1:      ncdulo_watergridlock, layout_rooms, st_stairs_6,
          chequers_serial_rivers_room_b, kennysheep_another_room
D:2:      layout_loops_ring, st_stairs_6, hangedman_abyss_or_decor_lesser_grid
D:3:      layout_basic
D:4:      layout_gridville, grunt_decor_mini_mirrors
D:5:      layout_rooms
D:6:      layout_cave_pools, minmay_temple_entry_stoned_glass,
          portal_sewer_entry_d, basic_altar, serial_shops, kennysheep_little_box
D:7:      layout_loops_corners, serial_shops, nicolae_shop_waterfront, shop,
          shop, shop, uniq_prince_ribbit1
D:8:      layout_basic, marbit_many_paths, lair_entry_dummy, uniq_grum
D:9:      layout_cave_pods, serial_shops, shop_statue, uniq_maggie
D:10:     layout_irregular_city, serial_shops, nicolae_shop_behind_doors,
          nicolae_shop_stone, kennysheep_mini
D:11:     layout_long_grid, serial_shops, shop_fountains, minmay_lindwurm_lava
D:12:     layout_roguey, orc_david_3
D:13:     layout_roguey [special_room_orc], ximxim_vaults_locker_room,
          uniq_snorg
D:14:     layout_roguey, ebering_ghost_rock_garden, st_stairs_7,
          trog_ov_bears_minmay
D:15:     grunt_enter_depths_snipers, layout_loops_ring, special_room
          [special_room_mythical_zoo], serial_bayou_pond_a, serial_glass,
          glass_columns_a, glass_columns_b, due_unseen_surprise,
          item_on_display_a, minmay_strange_pillars, item_on_display_a,
          serial_bayou_pond_e, uniq_jorgrun, uniq_roxanne
Temple:   roderic_octagonal_lattice_temple
Lair:1:   layout_misc_corridors, beast_lair_carwin_5, lemuel_fruit_tree
Lair:2:   layout_long_grid, uniq_nergalle
Lair:3:   layout_regular_city, minmay_shoals_entry_hut
Lair:4:   layout_gridlike, minmay_snake_entry_guardpost_small
Lair:5:   layout_cave_pods, minmay_slime_entry_oklob_enclosed, minivault_26
Lair:6:   evil_forest, layout_regular_city
Shoals:1: layout_shoals, uniq_nikola
Shoals:2: layout_shoals, uniq_aizul
Shoals:3: layout_shoals, serial_shops, shop, shop_coins, nicolae_shop_waterfront
Shoals:4: shoals_end_simple, layout_shoals, nicolae_alphabet_shops,
          nicolae_shoals_dead_sea_scrolls, uniq_polyphemus
Snake:1:  layout_misc_corridors, serial_shops, nicolae_shop_stone
Snake:2:  gammafunk_its_a_trap, layout_rooms
Snake:3:  layout_misc_corridors, uniq_vashnia
Orc:1:    layout_caves, serial_shops, nicolae_shop_trees
Orc:2:    grunt_orc_community_town_hall, layout_caves,
          grunt_orc_community_big_house_1, grunt_orc_community_big_house_1,
          grunt_orc_community_house_1, grunt_orc_community_house_2,
          grunt_orc_community_house_1, grunt_orc_community_house_1
Elf:1:    layout_loops_ring, minmay_elf_necromancy, grunt_megastairs_4,
          minmay_shop_grove, uniq_azrael
Elf:2:    layout_onion_city, infiniplex_enter_wizlab_spiral
Elf:3:    grunt_elf_hall_branching, layout_geoelf_castle,
          portal_ice_cave_entry_ice_statue_two

Skill      XL: |  1  2  3  4  5  6  7  8  9 10 11 12 13 14 15 16 17 18 |
---------------+-------------------------------------------------------+-----
Armour         | 4 5 6 7 8 9 10 12 13 14 15 16 17 | 17.6
Long Blades    | 3 4 5 7 8 10 12 13 14 15 16 17 18 19 | 19.0
Shields        | 4 5 6 7 9 11 12 14 16 18 19 20 21 22 | 22.5
Fighting       | 4 5 6 7 8 9 10 11 12 14 15 16 17 | 17.1
Dodging        | 1 2 4 5 |  5.8
Stealth        | 1 2 |  2.9
Invocations    | 1 2 |  2.6
Evocations     | 1 |  1.3

Action                   |  1- 3 |  4- 6 |  7- 9 | 10-12 | 13-15 | 16-18 || total
-------------------------+-------+-------+-------+-------+-------+-------++-------
Melee: Long sword        |    80 |    83 |   417 |   175 |       |    68 ||   823
       Headbutt          |    13 |    16 |    98 |   251 |   451 |   428 ||  1257
       Falchion          |       |       |       |   655 |   971 |       ||  1626
       Scimitar          |       |       |       |       |   159 |   279 ||   438
       Demon blade       |       |       |       |       |   241 |   985 ||  1226
Invok: Heroism           |       |       |       |     7 |     8 |    10 ||    25
       Finesse           |       |       |       |       |       |     1 ||     1
 Abil: Evoke Flight      |       |       |       |       |       |     2 ||     2
       Evoke Blink       |       |       |       |       |       |     1 ||     1
Evoke: Wand              |       |       |       |     5 |     1 |     2 ||     8
  Use: Potion            |     4 |       |     3 |     1 |       |     8 ||    16
       Scroll            |     2 |     5 |    13 |     8 |     4 |    16 ||    48
 Stab: Petrified         |       |       |       |       |       |     4 ||     4
Armor: Scale mail        |    36 |    27 |     5 |       |       |       ||    68
       Chain mail        |       |       |   110 |    45 |       |       ||   155
       Plate armour      |       |       |    82 |   219 |   531 |   402 ||  1234
Dodge: Dodged            |    33 |    28 |   117 |   207 |   382 |   358 ||  1125
Block: Kite shield       |    52 |    53 |   295 |   521 |  1098 |  1076 ||  3095
       Reflection        |       |       |       |       |    15 |   151 ||   166
       Rpst.: Long sword |    10 |     8 |    26 |    18 |       |     3 ||    65
       Falchion          |       |       |       |    33 |    26 |       ||    59
       Scimitar          |       |       |       |       |     2 |    17 ||    19
       Demon blade       |       |       |       |       |    22 |    48 ||    70

Table legend: (Time is in decaauts)
 A = Elapsed time spent in this place.
 B = Non-inter-level travel time spent in this place.
 C = Inter-level travel time spent in this place.
 D = Time resting spent in this place.
 E = Time spent auto-exploring this place.
 F = Levels seen in this place.
 G = Mean time per level.
                   A        B        C        D        E       F      G
               +--------+--------+--------+--------+--------+-----+--------+
         Total |  43427 |  41350 |   2077 |   6659 |  23442 |  37 | 1173.7 |
       Dungeon |  19256 |  17941 |   1315 |   3078 |   9650 |  15 | 1283.7 |
        Temple |    358 |    341 |     17 |    214 |     89 |   1 |  358.0 |
          Lair |   7126 |   6681 |    445 |      0 |   5621 |   6 | 1187.7 |
        Shoals |   3841 |   3807 |     34 |    274 |   2683 |   4 |  960.2 |
     Snake Pit |   2384 |   2360 |     24 |      0 |   1650 |   3 |  794.7 |
  Orcish Mines |   2863 |   2715 |    148 |    750 |   1152 |   2 | 1431.5 |
   Elven Halls |   2364 |   2272 |     92 |    141 |   1536 |   3 |  788.0 |
         Sewer |    774 |    774 |      0 |    233 |    211 |   1 |  774.0 |
      Ice Cave |   1868 |   1868 |      0 |    542 |    656 |   1 | 1868.0 |
        Wizlab |   2590 |   2590 |      0 |   1427 |    193 |   1 | 2590.0 |
               +--------+--------+--------+--------+--------+-----+--------+

Top non-repeatable levels by time:
     D:9: 2607 daAuts
  WizLab: 2590 daAuts
    D:11: 2099 daAuts
    D:15: 1960 daAuts
    D:14: 1915 daAuts
   IceCv: 1868 daAuts
   Orc:2: 1846 daAuts
     D:8: 1586 daAuts
Shoals:1: 1533 daAuts
  Lair:6: 1500 daAuts
  Lair:5: 1465 daAuts
  Lair:3: 1310 daAuts
Shoals:2: 1248 daAuts
   Elf:1: 1224 daAuts
    D:12: 1204 daAuts
